 Dungeon Sprint DCSS version 0.30-a0-364-gf6b3ef1049 (webtiles) character file.

Game seed: 9815659715801225409

26 rocky1 the Poker (level 2, 0/26 HPs)
             Began as a Minotaur Gladiator on Nov 15, 2022.
             Slain by a water elemental (7 damage)
             ... in the Dungeon (Sprint III: "The Ten Rune Challenge").
             The game lasted 00:00:29 (231 turns).

rocky1 the Poker (Minotaur Gladiator)                Turns: 231, Time: 00:00:29

Health: 0/26       AC:  3    Str: 18    XL:     2   Next: 89%
Magic:  1/1        EV: 13    Int:  5    God:
Gold:   19         SH:  0    Dex: 11    Spells: 1/1 levels left

rFire   . . .      SeeInvis .    a - +0 trident
rCold   . . .      Faith    .    (no shield)
rNeg    . . .      Spirit   .    b - +0 leather armour
rPois   .          Reflect  .    c - +0 hat
rElec   .          Harm     .    (no cloak)
rCorr   .          Rampage  .    (no gloves)
Will    .....      NoTele   +    (no boots)
Stlth   +.........               (no amulet)
HPRegen 0.24/turn                (no ring)
MPRegen 0.07/turn                (no ring)

@: engulfed (cannot breathe)
A: horns 2, retaliatory headbutt
a: no special abilities


You were in the Dungeon.
You visited 1 branch You collected 19 gold pieces.

Inventory:

Hand Weapons
 a - a +0 trident (weapon)
Missiles
 d - 2 throwing nets (quivered)
 e - a javelin
Armour
 b - a +0 leather armour (worn)
 c - a +0 hat (worn)
Scrolls
 k - a scroll of blinking
 l - 2 scrolls of torment {unknown}
 m - a scroll of enchant armour {unknown}
 n - a scroll of poison {unknown}
 o - 3 scrolls of identify
Potions
 f - a potion of curing
 g - 2 potions of heal wounds
 h - a potion of haste
 i - 2 potions of magic
 j - a potion of berserk rage
 p - a potion of flight {unknown}
 q - a potion of brilliance {unknown}
 r - 4 potions of mutation


   Skills:
 + Level 3.2 Fighting
 + Level 5.8 Polearms
 - Level 2.5 Throwing
 + Level 1.2 Armour
 + Level 5.0 Dodging


You had one spell level left.
You didn't know any spells.
Your spell library was empty.

Dungeon Overview and Level Annotations

Branches:
Dungeon (1/1)

Altars:


Innate Abilities, Weirdness & Mutations

You have a pair of horns on your head.
You reflexively headbutt those who attack you in melee.


Message History

HP restored.
A phantom comes into view.
You reach to attack!
You puncture the phantom!
You destroy the phantom!
Your Dodging skill increases to level 5!
No target in view!
No target in view!
As you open the door, it creaks loudly!
Found 19 gold pieces and 2 potions of mutation.
There is an open door here.
You now have 8 gold pieces.
n - a scroll labelled IPTOIR KETUKUEMEO;
o - a scroll of identify
p - a viscous dark potion
Things that are here:
a potion of mutation; 2 potions of mutation
l - 2 scrolls labelled FAEPES URGHABLO (gained 1)
o - 3 scrolls of identify (gained 2);
g - 2 potions of heal wounds (gained 1)
q - an emerald potion You see here a potion of mutation.
You now have 19 gold pieces (gained 11).
You see here a potion of mutation.
r - a potion of mutation
r - 2 potions of mutation (gained 1);
r - 4 potions of mutation (gained 2)
There is an open door here.
You enter the shallow water.
Moving in this stuff is going to be slow.
You open the door.
A water elemental comes into view.
You reach to attack!
You closely miss the water elemental. You hit the water elemental.
You headbutt the water elemental.
The water elemental is moderately damaged.
The water elemental hits you!
Ouch! That really hurt!
The water elemental engulfs you in water!
You barely miss the water elemental.
The water elemental is moderately damaged.
* * * LOW HITPOINT WARNING * * *
Your lungs strain for air!
The water elemental hits you!
You die...

▓▓▓▓▓▓▓▓▓▓▓ ▓▓▓
<.#..'....♣♣ ♣.#
..#..#.....♣♣ ♣.#
#'####....♣.♣ ♣♣.#
.....#....~♣♣♣♣..# #+#+#
.....#...~~♣..♣♣.#......
.....#..~~~~..♣.@E.⌠....
####'#..~≈≈~~~.♣.#...###
....†#.~~≈~~~....# ⌠.#
.....#.~≈~~~.....# .#
.....#.~~~.......# #
'#####...........#
...........†.....#
▓▓▓▓▓▓▓▓▓▓▓▓▓▓▓▓▓▓


You could see a water elemental.

Vanquished Creatures
  A human (D)
  A phantom (D)
  2 endoplasms (D)
  2 rats (D)
6 creatures vanquished.

Notes
Turn   | Place    | Note
-------+----------+-------------------------------------------
     0 | D        | rocky1 the Minotaur Gladiator began the quest for the Orb.
     0 | D        | Reached XP level 1. HP: 18/18 MP: 0/0
   175 | D        | Reached skill level 5 in Polearms
   175 | D        | Reached skill level 1 in Armour
   175 | D        | Reached XP level 2. HP: 23/26 MP: 1/1
   192 | D        | Reached skill level 5 in Dodging
   228 | D        | Noticed a water elemental
   231 | D        | Slain by a water elemental

Illustrated notes

Levels and vault maps discovered:
D:        dungeon_sprint_mu [sprint_mu_entry_forest, sprint_mu_temple_rooms,
          sprint_mu_d1_spiders, sprint_mu_d2_genie, sprint_mu_d3_branching,
          sprint_mu_orc_legion, sprint_mu_elf_gauntlet, sprint_mu_hive_nellie,
          sprint_mu_lair_fedhas, sprint_mu_vaults_butterflies,
          sprint_mu_slime_circle, sprint_mu_swamp_cave, sprint_mu_shoals_archi,
          sprint_mu_blade_basic, sprint_mu_crypt_lich, sprint_mu_tomb_spiral,
          sprint_mu_vestibule_basic, sprint_mu_gehenna_hellfire,
          sprint_mu_dis_giant, sprint_mu_tartarus_statrot,
          sprint_mu_cocytus_islands, sprint_mu_zot1]

Skill      XL: |  1  2 |
---------------+-------+-----
Polearms       | 5 |  5.8
Fighting       | 3 |  3.2
Armour         | 1 |  1.2
Dodging        | 4 5 |  5.0
Throwing       | |  2.5

Action                   || total
-------------------------++-------
Melee: Trident           ||    17
       Headbutt          ||     4
       Punch             ||     1
Throw: Throwing net      ||     1
Armor: Leather armour    ||     1

Table legend: (Time is in decaauts)
 A = Elapsed time spent in this place.
 B = Non-inter-level travel time spent in this place.
 C = Inter-level travel time spent in this place.
 D = Time resting spent in this place.
 E = Time spent auto-exploring this place.
 F = Levels seen in this place.
 G = Mean time per level.
                   A        B        C        D        E       F      G
               +--------+--------+--------+--------+--------+-----+--------+
         Total |    234 |    234 |      0 |    107 |     50 |   1 |  234.0 |
       Dungeon |    234 |    234 |      0 |    107 |     50 |   1 |  234.0 |
               +--------+--------+--------+--------+--------+-----+--------+

Top non-repeatable levels by time:
       D: 234 daAuts
